 Dungeon Crawl Stone Soup version bcrawl-1.12.2 (webtiles) character file.

Game seed: 18341712751987072090

38 Ebbett the Stinger (level 3, -5/21 HPs)
             Began as a Fairy Venom Mage on July 23, 2019.
             Killed by divine providence
             ... invoked by an orc priest
              (12 damage)
             ... on level 2 of the Dungeon.
             The game lasted 00:02:21 (763 turns).

Ebbett the Stinger (Fairy Venom Mage)                Turns: 763, Time: 00:02:22

Health: -5/21      AC:  4    Str:  6    XL:     3   Next: 43%
Magic:  9/9        EV: 16    Int: 19    God:
Gold:   64         SH:  4    Dex: 12    Spells: 7/8 levels left

rFire    . . .     SeeInvis .   h - +0 mace (curse)
rCold    . . .     Gourm    .   (shield restricted)
rNeg     . . .     Faith    .   (armour unavailable)
rPois    .         Spirit   .   (no helmet)
rElec    .         Reflect  .   (no cloak)
rCorr    .         Harm     .   (no gloves)
MR       .....                  (no boots)
Stlth    +.........             (no amulet)
HPRegen  0.07/turn              (no ring)
MPRegen  0.11/turn              (no ring)

@: flying evasively
A: small, magic attunement, unstealthy, unfitting armour, able to fly, AC/SH +4
a: Stop Flying


You were on level 2 of the Dungeon.
You were not hungry.

You visited 1 branch of the dungeon, and saw 2 of its levels.

You collected 64 gold pieces.

Inventory:

Hand Weapons
 h - a cursed +0 mace (weapon)
Scrolls
 e - a scroll of blinking {unknown}
 f - a scroll of enchant armour {unknown}
 g - 5 scrolls of teleportation {unknown}
 j - 2 scrolls of remove curse {unknown}
Potions
 a - 2 potions of curing {unknown}
 b - a potion of berserk rage
 c - a potion of degeneration
 i - 2 potions of brilliance {unknown}
Comestibles
 d - 2 rations {!d}


   Skills:
 + Level 3.0 Dodging
 + Level 1.7 Stealth
 + Level 3.3 Spellcasting
 + Level 1.9 Conjurations
 + Level 4.3 Poison Magic


You had 7 spell levels left.
You knew the following spells:

 Your Spells              Type           Power        Failure   Level  Hunger
a - Sting                 Conj/Pois      ###.         4%          1    None

Your spell library contained the following spells:

 Spells                   Type           Power        Failure   Level  Hunger
 Poisonous Vapours        Pois/Air       ##....       9%          2    None
 Ignite Poison            Fire/Tmut/Pois #.......     24%         3    None
 Olgreb's Toxic Radiance  Pois           ###.....     24%         4    None
 Summon Scorpions         Summ/Pois      ##......     52%         4    None
 Venom Bolt               Conj/Pois      ###.......   73%         5    None


Dungeon Overview and Level Annotations

Branches:
Dungeon (2/12)

Altars:


Innate Abilities, Weirdness & Mutations

Your spells do not cause hunger and MP costs are reduced by 1.
Your bright wings attract enemies. (Stealth-)
You cannot fit into any form of body armour.
Your shimmering scales are hard and can block incoming attacks. (AC +4, SH +4)
You are small and have problems with some larger weapons.
You can fly continuously.


Message History

The orc priest hits you but does no damage.
Casting: Sting (safe; 4% risk of failure)
Confirm with . or Enter, or press ? or * to list all spells.
Aiming: Sting (safe; 4% risk of failure)
Press: ? - help, Shift-Dir - straight line, f/p - orc priest
Aim: an orc priest, wielding a +0 short sword and wearing a +0 chain mail (heavily wounded, poisoned)
The sting hits the orc priest.
The orc priest looks even sicker.
The orc priest is almost dead.
You block the orc priest's attack.
Casting: Sting (safe; 4% risk of failure)
Confirm with . or Enter, or press ? or * to list all spells.
Aiming: Sting (safe; 4% risk of failure)
Press: ? - help, Shift-Dir - straight line, f/p - orc priest
Aim: an orc priest, wielding a +0 short sword and wearing a +0 chain mail (almost dead, poisoned)
The sting hits the orc priest.
The orc priest appears unharmed.
The orc priest is almost dead.
The orc priest invokes the aid of Beogh against you.
Beogh smites you!
Ouch! That really hurt!
You die...

#.###..# #......#
#####.## #.# #.#
.#######.#
.........##
.########.##########
#.#.o@.......
##.########## #.#
#)# #.# #.#
#......)# #.)....[#
#..)....#


You could see an orc priest.

Vanquished Creatures
  An ooze (D:1)
  2 dart slugs (D:1)
  2 orcs (D:2)
  A giant cockroach (D:1)
  A hobgoblin (D:2)
  2 jackals (D:1)
  3 bats (D:1)
  2 frilled lizards
  3 goblins
  6 kobolds
  6 rats (D:1)
29 creatures vanquished.

Notes
Turn   | Place    | Note
-------+----------+-------------------------------------------
     0 | D:1      | Ebbett the Fairy Venom Mage began the quest for the Orb.
     0 | D:1      | Reached XP level 1. HP: 11/11 MP: 6/6
   159 | D:1      | Reached skill level 4 in Poison Magic
   159 | D:1      | Reached XP level 2. HP: 13/17 MP: 7/7
   588 | D:1      | Reached XP level 3. HP: 14/21 MP: 9/9
   763 | D:2      | Killed from afar by an orc priest

Skill      XL: |  1  2 |
---------------+-------+-----
Poison Magic   | 4 |  4.3
Spellcasting   | 3 |  3.3
Dodging        | 3 |  3.0
Stealth        | |  1.7
Conjurations   | |  1.9

Action                   || total
-------------------------++-------
 Cast: Sting             ||    73
Armor: Skin              ||     9
Dodge: Dodged            ||    11
Block: Other             ||     6
